 Dungeon Crawl Stone Soup version 0.26-a0-1184-g95e395e029 (webtiles) character file.

Game seed: 8869553557272611820

915 Arthanis the Firebug (level 7, -9/36 HPs)
             Began as a Deep Elf Fire Elementalist on Dec 27, 2020.
             Mangled by a wyvern (19 damage)
             ... on level 5 of the Dungeon.
             The game lasted 00:08:01 (5156 turns).

Arthanis the Firebug (Deep Elf Fire Elementalist)   Turns: 5156, Time: 00:08:02

Health: -9/36      AC:  3    Str:  5    XL:     7   Next: 82%
Magic:  7/18       EV: 13    Int: 22    God:
Gold:   228        SH:  5    Dex: 21    Spells: 6/19 levels left

rFire    . . .     SeeInvis .   u - +1 dagger (drain)
rCold    . . .     Faith    .   (no shield)
rNeg     . . .     Spirit   .   a - +0 robe
rPois    .         Reflect  +   c - +0 helmet
rElec    .         Harm     .   (no cloak)
rCorr    .         Rampage  .   (no gloves)
Will     .....                  (no boots)
Stlth    +.........             w - amulet of reflection
HPRegen  0.12/turn              j - +6 ring of dexterity
MPRegen  0.16/turn              y - ring of attention (curse)

@: no status effects
A: no striking features
a: no special abilities


You were on level 5 of the Dungeon.
You visited 1 branch of the dungeon, and saw 5 of its levels.

You collected 228 gold pieces.

Inventory:

Hand Weapons
 g - a +0 dagger
 m - a +0 spear
 u - a +1 dagger of draining (weapon)
Armour
 a - a +0 robe (worn)
 c - a +0 helmet (worn)
 h - a cursed +0 buckler
Jewellery
 d - an uncursed ring of resist corrosion
 j - a +6 ring of dexterity (left hand)
 q - a +6 ring of strength
 s - a +4 ring of slaying
 t - an uncursed ring of ice
 w - an amulet of reflection (around neck)
 y - a cursed ring of attention (right hand)
Scrolls
 e - 3 scrolls of blinking {unknown}
 k - 3 scrolls of remove curse {unknown}
 l - a scroll of identify {unknown}
 n - a scroll of enchant armour {unknown}
 p - a scroll of noise {unknown}
 x - a scroll of amnesia {unknown}
 z - a scroll of teleportation {unknown}
 B - a scroll of silence {unknown}
Potions
 b - 4 potions of curing {unknown}
 f - a potion of heal wounds {unknown}
 i - 2 potions of brilliance {unknown}
 o - a potion of berserk rage {unknown}
 r - a potion of magic {unknown}
 v - a potion of mutation {unknown}
 A - a potion of cancellation {unknown}


   Skills:
 - Level 2.4 Dodging
 - Level 2.4 Stealth
 + Level 6.5 Spellcasting
 + Level 4.9 Conjurations
 * Level 7.7 Fire Magic


You had 6 spell levels left.
You knew the following spells:

 Your Spells              Type           Power        Failure   Level
a - Foxfire               Conj/Fire      100%         1%          1
b - Conjure Flame         Conj/Fire      35%          1%          3
c - Sticky Flame          Conj/Fire      35%          6%          4
d - Fireball              Conj/Fire      17%          19%         5

Your spell library contained the following spells:

 Spells                   Type           Power        Failure   Level
 Inner Flame              Hex/Fire       24%          5%          3


Dungeon Overview and Level Annotations

Branches:
Dungeon (5/15)
 Temple: D:4-7

Altars:
Makhleb
Yredelemnul


Message History

* * * LOW HITPOINT WARNING * * *
Casting: Foxfire (safe; 1% risk of failure)
Confirm with . or Enter, or press ? or * to list all spells.
Okay, then.
Casting: Foxfire (safe; 1% risk of failure)
Confirm with . or Enter, or press ? or * to list all spells.
The spell is quite dangerous to cast (6% risk of failure)!
Continue anyway?
Aiming: Sticky Flame (quite dangerous; 6% risk of failure)
Press: ? - help, Shift-Dir - straight line, f - wyvern
Aim: a wyvern (heavily wounded, 0% to evade)
The sticky flame hits the wyvern.
The wyvern is heavily wounded.
The wyvern is covered in liquid flames!
The wyvern burns!
The foxfire hits the wyvern.
The wyvern is severely wounded.
The foxfire hits the wyvern.
The wyvern is almost dead.
The wyvern bites you!!
Ouch! That really hurt!
You die...

#.†......#
#........#
#.†......#
#.<......#
##...##.#####
######'##..##
#
#.......#..#
#..§§.(.†..#
#...@...##.
#<..l...#
##....###
#....# ......
........
.........>
#####...##.


You could see a wyvern (burning).

Vanquished Creatures
  A phantom (D:4)
  An ogre (D:4)
  A scorpion (D:4)
  2 howler monkeys
  A bullfrog skeleton (D:4)
  An orc priest (D:4)
  A jelly (D:2)
  6 orc wizards
  5 worker ants
  Robin (D:3)
  5 adders
  7 gnolls
  A shadow imp (D:5)
  An adder skeleton (D:4)
  2 worms (D:3)
  4 leopard geckos
  9 orcs
  6 bats
  3 giant cockroaches
  10 hobgoblins
  8 jackals
  4 quokkas
  6 frilled lizards
  17 goblins
  11 kobolds
  A leopard gecko skeleton (D:4)
  9 rats
124 creatures vanquished.

Vanquished Creatures (others)
  494 foxfires
494 creatures vanquished.

Grand Total: 618 creatures vanquished

Notes
Turn   | Place    | Note
-------+----------+-------------------------------------------
     0 | D:1      | Arthanis the Deep Elf Fire Elementalist began the quest for
                  | the Orb.
     0 | D:1      | Reached XP level 1. HP: 10/10 MP: 6/6
   497 | D:1      | Reached XP level 2. HP: 15/15 MP: 2/8
   878 | D:1      | Reached skill level 4 in Fire Magic
  1249 | D:2      | Reached XP level 3. HP: 19/19 MP: 5/10
  1384 | D:2      | Reached XP level 4. HP: 24/24 MP: 5/11
  1388 | D:2      | Learned a level 3 spell: Conjure Flame
  1400 | D:2      | Learned a level 4 spell: Sticky Flame
  1888 | D:2      | Reached skill level 5 in Fire Magic
  1920 | D:2      | Reached XP level 5. HP: 28/28 MP: 10/13
  2073 | D:2      | Found a basalt altar of Yredelemnul.
  2115 | D:3      | Noticed Robin
  2422 | D:3      | Found a burning altar of Makhleb.
  2515 | D:3      | Reached XP level 6. HP: 32/32 MP: 9/15
  2523 | D:3      | Reached skill level 5 in Spellcasting
  2536 | D:3      | Killed Robin
  3101 | D:3      | Reached skill level 6 in Fire Magic
  3148 | D:3      | Learned a level 5 spell: Fireball
  4253 | D:4      | Reached XP level 7. HP: 31/36 MP: 5/17
  4445 | D:4      | Reached skill level 7 in Fire Magic
  5131 | D:5      | Entered Level 5 of the Dungeon
  5151 | D:5      | Noticed a wyvern
  5156 | D:5      | Mangled by a wyvern

Illustrated notes

Levels and vault maps discovered:
D:1:      lightli_arrival_lavapool, layout_loops_ring, feat_on_display
D:2:      layout_basic, yredelemnul_altar_generic
D:3:      layout_loops_corners, lemuel_crystal_altar, uniq_robin
D:4:      kennysheep_spiral_hall, layout_gridville
D:5:      layout_gridville, chequers_ossuary_entry_cave, minmay_door_square

Skill      XL: |  1  2  3  4  5  6  7 |
---------------+----------------------+-----
Fire Magic     | 4 5 6 7 |  7.7
Conjurations   | 2 3 4 |  4.9
Spellcasting   | 4 5 6 |  6.5
Dodging        | |  2.4
Stealth        | |  2.4

Action                   |  1- 3 |  4- 6 |  7- 9 || total
-------------------------+-------+-------+-------++-------
Melee: Dagger            |       |     7 |     3 ||    10
 Cast: Foxfire           |    64 |   179 |    61 ||   304
       Sticky Flame      |       |       |     1 ||     1
Armor: Robe              |     5 |     6 |     1 ||    12
Dodge: Dodged            |    12 |    22 |     4 ||    38
Block: Other             |       |       |     3 ||     3

Table legend: (Time is in decaauts)
 A = Elapsed time spent in this place.
 B = Non-inter-level travel time spent in this place.
 C = Inter-level travel time spent in this place.
 D = Time resting spent in this place.
 E = Time spent auto-exploring this place.
 F = Levels seen in this place.
 G = Mean time per level.
                   A        B        C        D        E       F      G
               +--------+--------+--------+--------+--------+-----+--------+
         Total |   5152 |   4976 |    176 |    178 |   4141 |   5 | 1030.4 |
       Dungeon |   5152 |   4976 |    176 |    178 |   4141 |   5 | 1030.4 |
               +--------+--------+--------+--------+--------+-----+--------+

Top non-repeatable levels by time:
     D:3: 1434 daAuts
     D:4: 1429 daAuts
     D:1: 1314 daAuts
     D:2: 950 daAuts
     D:5: 24 daAuts
